 Dungeon Crawl Stone Soup version 0.30-a0-50-gb2d611f6b1 (webtiles) character file.

Game seed: 15226139412207867446

51 Destapler the Sneak (level 3, 0/18 HPs)
             Began as a Vine Stalker Brigand on Sept 3, 2022.
             Slain by an orc
             ... wielding a +0 falchion
              (6 damage)
             ... on level 3 of the Dungeon.
             The game lasted 00:03:41 (1628 turns).

Destapler the Sneak (Vine Stalker Brigand)          Turns: 1628, Time: 00:03:41

Health: 0/18       AC:  7    Str: 15    XL:     3   Next: 81%
Magic:  0/4        EV: 11    Int: 17    God:
Gold:   216        SH:  5    Dex: 15    Spells: 2/2 levels left

rFire   . . .      SeeInvis +    a - +2 dagger
rCold   . . .      Faith    .    (no shield)
rNeg    . . .      Spirit   +    r - +3 leather armour of the Lotus Blossom {SInv}
rPois   .          Reflect  +    (no helmet)
rElec   .          Harm     .    c - +0 cloak
rCorr   .          Rampage  .    (no gloves)
Will    .....                    (no boots)
Stlth   +++.......               f - amulet of reflection
HPRegen 0.06/turn                n - +6 ring of intelligence
MPRegen 0.09/turn                (no ring)

@: attractive
A: fangs 2, magic shield, antimagic bite, no potion heal 2
a: no special abilities


You were on level 3 of the Dungeon.
You visited 1 branch of the dungeon, and saw 4 of its levels.

You collected 216 gold pieces.

Inventory:

Hand Weapons
 a - a +2 dagger (weapon)
Missiles
 d - 9 poisoned darts
 e - 3 curare-tipped darts (quivered)
 k - 2 boomerangs
Armour
 b - a +0 robe
 c - a +0 cloak (worn)
 r - the +3 leather armour of the Lotus Blossom (worn) {SInv}
   (You found it on level 3 of the Dungeon)

   SInv:      It lets you see invisible.
Jewellery
 f - an amulet of reflection (around neck)
 n - a +6 ring of intelligence (left hand)
Scrolls
 g - a scroll of amnesia {unknown}
 h - a scroll of enchant armour {unknown}
 l - a scroll of blinking {unknown}
 m - 3 scrolls of teleportation {unknown}
 p - a scroll of identify {unknown}
 q - a scroll of vulnerability {unknown}
Potions
 o - a potion of magic {unknown}


   Skills:
 + Level 2.2 Fighting
 + Level 2.2 Short Blades
 + Level 2.2 Throwing
 + Level 1.3 Dodging
 + Level 5.2 Stealth


You had 2 spell levels left.
You didn't know any spells.
Your spell library contained the following spells:

 Spells                   Type           Power      Damage    Failure   Level
 Beastly Appendage        Tmut           0%         N/A       28%         1
 Wereblood                Tmut           0%         N/A       41%         2
 Spider Form              Tmut/Pois      0%         N/A       65%         3


Dungeon Overview and Level Annotations

Branches:
Dungeon (4/15)
 Temple: D:4-7

Altars:


Innate Abilities, Weirdness & Mutations

You have extremely sharp teeth.
When hurt, damage is shared between your health and your magic reserves.
Your bite disrupts and absorbs the magic of your enemies.
Potions cannot restore your health.


Message History

The orc is lightly wounded.
The orc hits you with a +0 falchion.
You hit the orc but do no damage.
The orc is lightly wounded.
You closely miss the orc. You bite the orc, but do no damage.
The orc is lightly wounded.
The orc wizard points at you and mumbles some strange words.
You are confused.
The orc closely misses you.
You hit the orc but do no damage.
The orc is lightly wounded.
The orc hits you with a +0 falchion.
You hit the orc but do no damage. You punch the orc, but do no damage.
Your bite misses the orc.
The orc is lightly wounded.
You bump into the rock wall.
The orc hits you with a +0 falchion.
* * * LOW HITPOINT WARNING * * *
The orc wizard gestures wildly while chanting.
The orc wizard flickers and vanishes for a moment.
It was a potion of heal wounds.
That seemed strangely inert.
The orc hits you with a +0 falchion.
* * * LOW HITPOINT WARNING * * *
It was a potion of attraction.
You feel attractive to monsters. The orc wizard closely misses you.
The orc hits you but does no damage. The orc wizard is attracted toward you.
You are too injured to fight recklessly!
You are too injured to fight recklessly!
You are too injured to fight recklessly!
You feel less confused. The orc wizard is attracted toward you.
You closely miss the orc. Your bite misses the orc.
The orc wizard points at you and mumbles some strange words.
You resist with some effort. The orc hits you but does no damage.
You hit the orc.
The orc is lightly wounded.
The orc wizard casts a spell.
The orc wizard flickers and vanishes for a moment.
The orc hits you with a +0 falchion.
You die...

#.# # ##########.#
######### #.......##.#
.......... #.......##.#
..........
#..........###..........
###.......................
..................#.......
###..........>....+.......
####..#@o.......#.......
#.....##o.......#.......
#......+....#+#####.....
#....###o...#..####.....
####....#..................
#..........§..)..#..###...†
#....#...........##.# #.)..
#....#...............##....
#..[.#..........#....#.....


You could see 2 orc wizards and an orc.

Vanquished Creatures
  A gnoll (D:1)
  A worm (D:2)
  A dart slug (D:3)
  An endoplasm (D:1)
  4 giant cockroaches
  7 goblins
  2 hobgoblins (D:1)
  3 ball pythons (D:1)
  2 bats
  A frilled lizard (D:2)
  7 kobolds
  5 rats
35 creatures vanquished.

Notes
Turn   | Place    | Note
-------+----------+-------------------------------------------
     0 | D:1      | Destapler the Vine Stalker Brigand began the quest for the
                  | Orb.
     0 | D:1      | Reached XP level 1. HP: 11/11 MP: 2/2
    24 | D:1      | Reached skill level 1 in Dodging
    24 | D:1      | Reached skill level 5 in Stealth
    24 | D:1      | Reached XP level 2. HP: 11/15 MP: 3/3
   247 | D:1      | Reached XP level 3. HP: 11/18 MP: 4/4
  1285 | D:2      | Found a faded altar of an unknown god.
  1481 | D:2      | You fall into a shaft and drop 2 floors!
  1507 | D:3      | Identified the +3 leather armour of the Lotus Blossom
                  | {SInv}
  1628 | D:3      | Slain by an orc

Illustrated notes

Levels and vault maps discovered:
D:1:      spicycebolla_arrival_risky_transporter, layout_basic,
          minmay_three_crescents
D:2:      layout_basic, shapermc_ecumenical_altar_flowoftime, minmay_circled_x
D:3:      layout_basic, uniq_crazy_yiuf_cottage, uniq_ijyb
D:4:      minmay_thinvault, layout_loops_cross

Skill      XL: |  1 |
---------------+----+-----
Fighting       | 2 |  2.2
Short Blades   | 2 |  2.2
Throwing       | 2 |  2.2
Dodging        | 1 |  1.3
Stealth        | 5 |  5.2

Action                   || total
-------------------------++-------
Melee: Dagger            ||   103
       Bite              ||    24
       Punch             ||     3
Throw: Dart              ||     1
  Use: Potion            ||     2
 Stab: Sleeping          ||     3
Armor: Robe              ||    27
       Leather armour    ||     2
Dodge: Dodged            ||    42
Block: Other             ||    25
       Reflection        ||     1

Table legend: (Time is in decaauts)
 A = Elapsed time spent in this place.
 B = Non-inter-level travel time spent in this place.
 C = Inter-level travel time spent in this place.
 D = Time resting spent in this place.
 E = Time spent auto-exploring this place.
 F = Levels seen in this place.
 G = Mean time per level.
                   A        B        C        D        E       F      G
               +--------+--------+--------+--------+--------+-----+--------+
         Total |   1615 |   1577 |     38 |      0 |   1281 |   4 |  403.8 |
       Dungeon |   1615 |   1577 |     38 |      0 |   1281 |   4 |  403.8 |
               +--------+--------+--------+--------+--------+-----+--------+

Top non-repeatable levels by time:
     D:1: 879 daAuts
     D:2: 591 daAuts
     D:3: 140 daAuts
     D:4: 3 daAuts
